 Dungeon Crawl Stone Soup version 0.30-a0-43-gbbf338a72c (webtiles) character file.

Game seed: 1986008230512425791

329 Newt the Shooter (level 6, -1/44 HPs)
             Began as a Demonspawn Gladiator on Aug 31, 2022.
             Killed by divine providence
             ... invoked by an orc priest
              (14 damage)
             ... on level 4 of the Dungeon.
             The game lasted 00:04:19 (3789 turns).

Newt the Shooter (Demonspawn Gladiator)             Turns: 3789, Time: 00:04:19

Health: -1/44      AC:  4    Str: 14    XL:     6   Next: 25%
Magic:  6/6        EV: 12    Int: 13    God:
Gold:   127        SH:  0    Dex: 17    Spells: 5/5 levels left

rFire   . . .      SeeInvis .    a - +0 double sword
rCold   . . .      Faith    .    (no shield)
rNeg    . . .      Spirit   .    k - +0 leather armour
rPois   .          Reflect  .    c - +0 helmet
rElec   .          Harm     .    (no cloak)
rCorr   .          Rampage  .    (no gloves)
Will    .....                    (no boots)
Stlth   ++........               (no amulet)
HPRegen 0.14/turn                (no ring)
MPRegen 0.10/turn                (no ring)

@: no status effects
A: big brain 2, demonic magic 1
a: no special abilities


You were on level 4 of the Dungeon.
You visited 1 branch of the dungeon, and saw 4 of its levels.

You collected 127 gold pieces.

Inventory:

Hand Weapons
 a - a +0 double sword (weapon)
 b - a +0 sling
 s - a +0 rapier
Missiles
 d - a throwing net (quivered)
 e - a javelin
 t - 4 atropa-tipped darts
Armour
 c - a +0 helmet (worn)
 f - a +0 pair of gloves
 k - a +0 leather armour (worn)
Scrolls
 h - a scroll of fear
 q - a scroll of magic mapping
Potions
 g - a potion of might
 i - 2 potions of curing {unknown}
 j - a potion of lignification {unknown}
 l - 3 potions of heal wounds {unknown}
 m - 2 potions of brilliance {unknown}
 n - a potion of cancellation {unknown}
 o - a potion of degeneration {unknown}
 r - a potion of mutation {unknown}
 u - a potion of invisibility {unknown}


   Skills:
 - Level 2.0 Fighting
 - Level 2.6(3.4) Short Blades
 + Level 3.2(3.7) Long Blades
 - Level 4.0 Ranged Weapons
 - Level 1.7 Throwing
 - Level 2.6 Dodging
 - Level 2.0 Stealth


You had 5 spell levels left.
You didn't know any spells.
Your spell library was empty.

Dungeon Overview and Level Annotations

Branches:
Dungeon (4/15)
 Temple: D:4-7

Altars:
Qazlal
Sif Muna


Innate Abilities, Weirdness & Mutations

You have an extremely huge brain. (Int +4)
Spells you cast may paralyse adjacent enemies.


Message History

The orc priest is heavily wounded.
The orc priest closely misses you. The orc barely misses you.
You shoot a sling bullet.
The sling bullet barely misses the orc priest.
The orc priest hits you with a +0 falchion.
The orc misses you. The orc hits you but does no damage.
The orc priest invokes the aid of Beogh against you.
Pain shoots through your body!
You shoot a sling bullet. The sling bullet hits the orc priest.
The orc priest is heavily wounded.
The orc priest hits you with a +0 falchion.
The orc misses you.
You are too injured to fight recklessly!
You are too injured to fight recklessly!
You are too injured to fight recklessly!
You are too injured to fight recklessly!
You are too injured to fight recklessly!
You are too injured to fight recklessly!
You are too injured to fight recklessly!
You are too injured to fight recklessly!
You are too injured to fight recklessly!
You are too injured to fight recklessly!
You are too injured to fight recklessly!
You are too injured to fight recklessly!
You are too injured to fight recklessly!
You are too injured to fight recklessly!
You are too injured to fight recklessly!
Unknown command.
a - a +0 double sword (weapon)
You closely miss the orc priest.
The orc priest is heavily wounded.
The orc priest barely misses you. The orc closely misses you.
The orc priest hits you with a +0 falchion.
The orc hits you with a +0 hand axe.
* * * LOW HITPOINT WARNING * * *
You barely miss the orc priest.
The orc priest is heavily wounded.
The orc priest mumbles some strange prayers to Beogh against you.
Beogh smites you!
You die...

..#########..........
..#.......'........#
###.......#........#
>......#........#
...##..#........# ..
#..##.....### . ...
#.....# .... +.....+
.... #...รท@# #...oo#
#####........
+........ #........
#$....... #......!.
#.......$ .....####


You could see an orc priest and an orc.

Vanquished Creatures
  Sigmund (D:3)
  A jelly (D:4)
  A hound (D:4)
  6 adders
  2 worms (D:2)
  A dart slug (D:1)
  An orc (D:4)
  6 endoplasms
  A giant cockroach (D:2)
  3 goblins
  3 hobgoblins
  3 jackals (D:2)
  6 kobolds
  2 quokkas
  7 ball pythons
  3 bats
  2 frilled lizards (D:1)
  7 rats
56 creatures vanquished.

Notes
Turn   | Place    | Note
-------+----------+-------------------------------------------
     0 | D:1      | Newt the Demonspawn Gladiator began the quest for the Orb.
     0 | D:1      | Reached XP level 1. HP: 16/16 MP: 1/1
    16 | D:1      | Found a faded altar of an unknown god.
   110 | D:1      | Reached skill level 1 in Stealth
   158 | D:1      | Gained mutation: Spells you cast may paralyse adjacent
                  | enemies. [demonic ancestry]
   158 | D:1      | Reached XP level 2. HP: 4/22 MP: 2/2
   852 | D:2      | Reached skill level 1 in Ranged Weapons
   973 | D:2      | Gained mutation: You have an unusually large brain. (Int
                  | +2) [demonic ancestry]
   973 | D:2      | Reached XP level 3. HP: 17/27 MP: 3/3
  1685 | D:2      | Reached skill level 2 in Ranged Weapons
  2600 | D:3      | Reached XP level 4. HP: 29/33 MP: 4/4
  2757 | D:3      | Noticed Sigmund
  2782 | D:3      | Killed Sigmund
  2783 | D:3      | Reached skill level 4 in Ranged Weapons
  2783 | D:3      | Gained mutation: You have an extremely huge brain. (Int +4)
                  | [demonic ancestry]
  2783 | D:3      | Reached XP level 5. HP: 23/38 MP: 5/5
  3020 | D:3      | Found a stormy altar of Qazlal.
  3021 | D:3      | Found a shimmering blue altar of Sif Muna.
  3375 | D:4      | Reached XP level 6. HP: 44/44 MP: 6/6
  3789 | D:4      | Killed from afar by an orc priest

Illustrated notes

Levels and vault maps discovered:
D:1:      mrwooster_arrival_statue_3, layout_basic,
          hellmonk_ecumenical_altar_lost_god
D:2:      layout_rooms
D:3:      wander_river, layout_basic, gammafunk_temple_overflow_statue,
          nicolae_concentric_dashed_squares_mild, uniq_sigmund
D:4:      layout_gridville, uniq_robin, uniq_duvessa, uniq_menkaure

Skill      XL: |  1  2  3  4  5  6 |
---------------+-------------------+-----
Stealth        | 1 2 |  2.0
Ranged Weapons | 1 2 4 |  4.0
Long Blades    | 2 3 |  3.2
Fighting       | |  2.0
Short Blades   | |  2.6
Throwing       | |  1.7
Dodging        | |  2.6

Action                   |  1- 3 |  4- 6 || total
-------------------------+-------+-------++-------
Melee: Rapier            |    22 |       ||    22
       Punch             |     1 |     1 ||     2
       Double sword      |       |    38 ||    38
 Fire: Sling             |   157 |    34 ||   191
Throw: Throwing net      |     2 |     3 ||     5
       Dart              |       |     4 ||     4
  Use: Scroll            |       |     4 ||     4
 Stab: Held in net/web   |     1 |       ||     1
       Sleeping          |       |     1 ||     1
Armor: Leather armour    |    40 |     5 ||    45
Dodge: Dodged            |    66 |    51 ||   117

Table legend: (Time is in decaauts)
 A = Elapsed time spent in this place.
 B = Non-inter-level travel time spent in this place.
 C = Inter-level travel time spent in this place.
 D = Time resting spent in this place.
 E = Time spent auto-exploring this place.
 F = Levels seen in this place.
 G = Mean time per level.
                   A        B        C        D        E       F      G
               +--------+--------+--------+--------+--------+-----+--------+
         Total |   3866 |   3745 |    121 |   1553 |   1727 |   4 |  966.5 |
       Dungeon |   3866 |   3745 |    121 |   1553 |   1727 |   4 |  966.5 |
               +--------+--------+--------+--------+--------+-----+--------+

Top non-repeatable levels by time:
     D:2: 1517 daAuts
     D:3: 1051 daAuts
     D:1: 841 daAuts
     D:4: 456 daAuts
